 Dungeon Crawl Stone Soup version 0.29.1-12-g30fa7ad0bf (webtiles) character file.

Game seed: 7829352164461592664

184 hawla the Chiller (level 6, -2/42 HPs)
             Began as a Meteoran Ice Elementalist on Dec 26, 2022.
             Slain by an orc
             ... wielding a +0 flail
              (6 damage)
             ... on level 3 of the Dungeon.
             The game lasted 00:03:57 (1062 turns).

hawla the Chiller (Meteoran Ice Elementalist)       Turns: 1062, Time: 00:03:58

Health: -2/42      AC:  3    Str:  8    XL:     6   Next: 17%
Magic:  6/13       EV: 12    Int: 19    God:
Gold:   76         SH:  0    Dex: 12    Spells: 5/13 levels left

rFire   . . .      SeeInvis .   c - +3 quarterstaff (chaos)
rCold   . . .      Faith    .   (shield currently unavailable)
rNeg    . . .      Spirit   .   a - +0 robe
rPois   .          Reflect  .   (helmet restricted)
rElec   .          Harm     .   f - +0 cloak
rCorr   .          Rampage  .   (no gloves)
Will    .....                   (no boots)
Stlth   +.........              (no amulet)
HPRegen 0.14/turn               (no ring)
MPRegen 0.13/turn               (no ring)

@: lethally poisoned (-2 -> -4), glowing
A: sense surroundings 1, otherworldly, glowing, explore regen, beak, clumsy 1,
frail 1, weak 1
a: no special abilities


You were on level 3 of the Dungeon.
You visited 1 branch of the dungeon, and saw 3 of its levels.

You collected 76 gold pieces.

Inventory:

Hand Weapons
 c - a +3 quarterstaff of chaos (weapon)
Armour
 a - a +0 robe (worn)
 f - a +0 cloak (worn)
Potions
 b - a potion of magic
 e - a potion of mutation


   Skills:
 + Level 1.6 Fighting
 + Level 2.5 Staves
 + Level 3.0 Dodging
 - Level 1.4 Stealth
 + Level 4.2 Spellcasting
 + Level 0.1 Conjurations
 + Level 5.5 Ice Magic


You had 5 spell levels left.
You knew the following spells:

 Your Spells              Type           Power      Damage    Failure   Level
a - Freeze                Ice            100%       1d11      1%          1
b - Hailstorm             Conj/Ice       14%        3d5       38%         4
c - Frozen Ramparts       Ice            50%        1d8       4%          3

Your spell library contained the following spells:

 Spells                   Type           Power      Damage    Failure   Level
 Ozocubu's Armour         Ice            25%        N/A       4%          3


Dungeon Overview and Level Annotations

Branches:
Dungeon (3/15) Zot: 726

Altars:


Innate Abilities, Weirdness & Mutations

You passively map a small area around you.
You are easily found by Zot.
You glow in the dark.
You regain HP and MP as you explore.
You have a beak for a mouth.
You are clumsy. (Dex -2)
You are frail. (-10% HP)
You are weak. (Str -2)


Message History

The wall freezes the adder but does no damage.
The adder bites you but does no damage.
The wall freezes the adder.
The adder seems to slow down.
The adder bites you.
* * * LOW HITPOINT WARNING * * *
You are poisoned.
The adder poisons you! The orc hits you with a +0 flail!
* * * LOW HITPOINT WARNING * * *
The wall freezes the orc priest.
You kill the orc priest!
The wall freezes something.
Something hits you.
* * * LOW HITPOINT WARNING * * *
Your Staves skill increases to level 2!
You have reached level 6!
You feel clever.
You feel better.
The wall freezes something.
Something hits you but does no damage.
You are lethally poisoned!
The orc closely misses you.
Unknown command.
It was a potion of mutation.
You feel extremely strange.
You feel frail.
You feel weaker.
You feel clumsy.
Your mouth lengthens and hardens into a beak!
* * * LOW HITPOINT WARNING * * *
You feel sick.
The wall freezes the adder.
The adder bites you.
* * * LOW HITPOINT WARNING * * *
The wall freezes something.
Reactivating autopickup.
You feel a bit more experienced. The orc hits you with a +0 flail.
* * * LOW HITPOINT WARNING * * *
Your Dodging skill increases to level 3!
Okay, then.
Your frozen ramparts will break if you move.
Continue?
The frozen ramparts melt away as you move.
* * * LOW HITPOINT WARNING * * *
You feel sick. The orc hits you but does no damage.
* * * LOW HITPOINT WARNING * * *
You feel sick.
You feel sick. The orc attacks as you move away!
The orc hits you with a +0 flail.
You die...

#........., ,, *
#........# , #.........
###()..... * , ,
*#####..))))# ** *
........w##
#.#####....# * *
*#.....oS...#### *
#####.@.##....######.##
#....#####...........#
#..##** ####.........
##, ,, #####..... ** *
, ...# * * ##


You could see an adder (slow), a dart slug and an orc.

Vanquished Creatures
  2 orc priests (D:3)
  Crazy Yiuf (D:2)
  Jessica (D:2)
  An orc wizard (D:3)
  2 worms (D:2)
  2 dart slugs
  An orc (D:3)
  A bat (D:2)
  6 endoplasms
  A giant cockroach (D:1)
  2 goblins (D:2)
  4 hobgoblins
  2 jackals (D:2)
  2 quokkas (D:2)
  A frilled lizard (D:2)
  5 kobolds
  4 rats
38 creatures vanquished.

Notes
Turn   | Place    | Note
-------+----------+-------------------------------------------
     0 | D:1      | hawla the Meteoran Ice Elementalist began the quest for the
                  | Orb.
     0 | D:1      | Reached XP level 1. HP: 14/14 MP: 5/5
   168 | D:1      | Reached XP level 2. HP: 16/20 MP: 2/6
   430 | D:2      | Found a runed translucent door.
   431 | D:2      | Noticed Crazy Yiuf
   439 | D:2      | Killed Crazy Yiuf
   440 | D:2      | Reached skill level 5 in Ice Magic
   440 | D:2      | Reached XP level 3. HP: 14/26 MP: 1/8
   440 | D:2      | Reached XP level 4. HP: 18/33 MP: 1/10
   453 | D:2      | Learned a level 4 spell: Hailstorm
   457 | D:2      | Learned a level 3 spell: Frozen Ramparts
   879 | D:2      | Found a faded altar of an unknown god.
   936 | D:2      | Noticed Jessica
   942 | D:2      | Killed Jessica
   943 | D:2      | Reached skill level 1 in Fighting
   943 | D:2      | Reached skill level 1 in Staves
   943 | D:2      | Reached XP level 5. HP: 37/40 MP: 11/11
  1056 | D:3      | HP: 2/40 [orc/+0 flail (8)]
  1057 | D:3      | Reached XP level 6. HP: 1/47 MP: 5/13
  1058 | D:3      | Gained mutation: You are frail. (-10% HP) [potion of
                  | mutation]
  1058 | D:3      | Gained mutation: You are weak. (Str -2) [potion of
                  | mutation]
  1058 | D:3      | Gained mutation: You are clumsy. (Dex -2) [potion of
                  | mutation]
  1058 | D:3      | Gained mutation: You have a beak for a mouth. [potion of
                  | mutation]
  1062 | D:3      | Slain by an orc

Illustrated notes

Levels and vault maps discovered:
D:1:      dpeg_arrival_pond, layout_basic, kennysheep_minor_cross
D:2:      layout_loops_cross, hellmonk_ecumenical_altar_leap_of_faith,
          minmay_misc_feat_ornament, uniq_crazy_yiuf_cottage, uniq_jessica
D:3:      layout_rooms, kennysheep_generic_room_5

Skill      XL: |  1  2  3  4  5  6 |
---------------+-------------------+-----
Spellcasting   | 3 4 |  4.2
Ice Magic      | 5 |  5.5
Fighting       | 1 |  1.6
Staves         | 1 2 |  2.5
Dodging        | 3 |  3.0
Stealth        | |  1.4
Conjurations   | |  0.1

Action                   |  1- 3 |  4- 6 || total
-------------------------+-------+-------++-------
Melee: Unarmed           |     6 |       ||     6
       Quarterstaff      |       |    44 ||    44
 Cast: Freeze            |    21 |       ||    21
       Frozen Ramparts   |       |     5 ||     5
       Hailstorm         |       |     1 ||     1
  Use: Scroll            |     1 |     3 ||     4
       Potion            |     1 |     2 ||     3
 Stab: Sleeping          |       |     1 ||     1
Armor: Robe              |     2 |    17 ||    19
Dodge: Dodged            |     7 |    25 ||    32
